[Event "Titled Tuesday Blitz August 15 Early 2023"]
[White "Martinez, Shawn"]
[Black "Sipila, Vilka"]
[WhiteFideId "2039770"]
[BlackFideId "505455"]
[WhiteElo "2344"]
[BlackElo "2630"]
[Result "0-1"]
[Round "4"]
[TimeControl "180+1"]
[Date "2023.08.15"]
[WhiteClock "0:00:00"]
[BlackClock "0:00:19"]
[Board "97"]

1. e4 e5 2. Nf3 Nf6 3. d4 Nxe4 4. Nxe5 d5 5. Bd3 Nd7 6. O-O Nxe5 7. dxe5 Nc5 8. Nc3 c6 9. f4 g6 10. Be3 Nxd3 11. Qxd3 Bf5 12. Qd2 Qd7 13. a4 a5 14. h3 Bb4 15. g4 Bxc3 16. Qxc3 Be6 17. Bc5 h5 18. f5 gxf5 19. gxf5 Bxf5 20. Qf3 Rg8+ 21. Kf2 Bxh3 22. Rg1 Bg4 23. Qf6 Qe6 24. Rae1 Kd7 25. Rg3 Rab8 26. Rb3 b5 27. axb5 Rxb5 28. Rxb5 cxb5 29. Qxe6+ Kxe6 30. Bd4 Bf5 31. c3 h4 32. b3 h3 33. Rh1 Rg2+ 34. Kf3 Rb2 35. c4 Be4+ 36. Kf4 Rxb3 37. cxd5+ Kxd5 38. Rd1 Rf3+ 39. Kg4 Rd3 0-1


[Site "https://www.chess.com"]

[Event "Titled Tuesday Blitz August 15 Early 2023"]
[White "Ziatdinov, Raset"]
[Black "Kuzhilniy, Oleksandr"]
[WhiteFideId "2015323"]
[BlackFideId "34110500"]
[WhiteElo "2344"]
[BlackElo "2628"]
[Result "0-1"]
[Round "4"]
[TimeControl "180+1"]
[Date "2023.08.15"]
[WhiteClock "0:00:14"]
[BlackClock "0:01:54"]
[Board "98"]

1. e4 b6 2. d4 Bb7 3. Bd3 e6 4. c3 c5 5. Nf3 Nf6 6. Qe2 d5 7. e5 Ne4 8. Nbd2 Nxd2 9. Bxd2 a5 10. O-O Ba6 11. Bxa6 Nxa6 12. Qb5+ Qd7 13. Qxb6 a4 14. Ng5 Be7 15. b3 O-O 16. bxa4 Rfb8 17. Qa5 Nc7 0-1


[Site "https://www.chess.com"]

[Event "Titled Tuesday Blitz August 15 Early 2023"]
[White "Ovchinnikov, Vsevolod"]
[Black "Akylbek2021"]
[WhiteFideId "24176842"]
[WhiteElo "2628"]
[BlackElo "2340"]
[Result "1-0"]
[Round "4"]
[TimeControl "180+1"]
[Date "2023.08.15"]
[WhiteClock "0:00:11"]
[BlackClock "0:00:12"]
[Board "99"]

1. d4 Nf6 2. c4 g6 3. Nc3 Bg7 4. e4 d6 5. Nf3 O-O 6. h3 e5 7. d5 Nh5 8. g3 Qe8 9. Be2 f5 10. exf5 gxf5 11. Nh4 Nf6 12. Qc2 e4 13. Be3 Nfd7 14. O-O-O Ne5 15. g4 f4 16. Bd4 Qe7 17. Nf5 Rxf5 18. gxf5 Bxf5 19. Rhg1 f3 20. Bxf3 Nd3+ 21. Rxd3 exd3 22. Qb3 Bg6 23. Bxg7 Kxg7 24. Qxb7 Qf7 25. Qxa8 Qf4+ 26. Kb1 Qxf3 27. Ka1 Nd7 28. Qxa7 Ne5 29. Qxc7+ Kh6 30. Qxd6 Nxc4 31. Qg3 Qxg3 32. fxg3 Ne3 33. Nd1 Nc2+ 34. Kb1 d2 35. b4 Ne1+ 36. Kb2 Kg5 37. Kc3 Kf5 38. Rf1+ Ke4 39. Kxd2 Nf3+ 40. Rxf3 Kxf3 41. d6 Bf5 42. g4 Bd7 43. Nc3 Kg3 44. Ke3 Kxh3 45. g5 Kg4 46. Ne4 Kf5 47. Nf6 Be6 48. d7 Bxd7 49. Nxd7 Kxg5 50. b5 h5 51. b6 h4 52. b7 h3 53. b8=Q h2 54. Qxh2 Kg4 55. Qf4+ Kh5 56. Qg3 Kh6 57. Ne5 Kh5 58. Qg4+ Kh6 59. Qg6# 1-0


[Site "https://www.chess.com"]

[Event "Titled Tuesday Blitz August 15 Early 2023"]
[White "Skaric, Djuro"]
[Black "Gamayev, Oleg"]
[WhiteFideId "934569"]
[BlackFideId "2802813"]
[WhiteElo "2338"]
[BlackElo "2624"]
[Result "0-1"]
[Round "4"]
[TimeControl "180+1"]
[Date "2023.08.15"]
[WhiteClock "0:01:06"]
[BlackClock "0:01:27"]
[Board "100"]

1. g3 d6 2. Bg2 Nf6 3. d3 e5 4. Nf3 c6 5. O-O a5 6. Nc3 Be7 7. h3 O-O 8. e4 b5 9. g4 h6 10. Ne2 c5 11. Ng3 Nc6 12. Be3 Nd4 13. Nf5 Bxf5 14. exf5 Rc8 15. c3 Nxf3+ 16. Qxf3 d5 17. Qe2 d4 18. Bd2 Bd6 19. Rae1 Re8 20. Qd1 c4 21. dxc4 bxc4 22. Qa4 d3 23. Re3 Bc5 24. Rg3 e4 25. g5 Qd6 26. Be3 Bxe3 27. Rxe3 hxg5 28. Qxa5 Re5 29. Qa4 Rxf5 30. Bxe4 Re5 31. Bg2 Rxe3 32. fxe3 g4 33. Qd1 gxh3 34. Bxh3 Qg3+ 35. Bg2 Ng4 36. Rf3 Qh2+ 37. Kf1 Qe5 38. Qd2 Nh2+ 39. Kf2 Nxf3 40. Bxf3 Qh2+ 41. Bg2 Rc6 0-1


[Site "https://www.chess.com"]

[Event "Titled Tuesday Blitz August 15 Early 2023"]
[White "Goswami, Vedant"]
[Black "Ezat, Mohamed"]
[WhiteFideId "5003725"]
[BlackFideId "10600906"]
[WhiteElo "2320"]
[BlackElo "2623"]
[Result "0-1"]
[Round "4"]
[TimeControl "180+1"]
[Date "2023.08.15"]
[WhiteClock "0:00:02"]
[BlackClock "0:00:52"]
[Board "101"]

1. c4 Nf6 2. Nc3 g6 3. e4 d6 4. g3 Bg7 5. Bg2 O-O 6. Nge2 c5 7. O-O Nc6 8. d3 a6 9. h3 Rb8 10. a4 Ne8 11. Be3 Nc7 12. d4 cxd4 13. Nxd4 Ne6 14. Nde2 Bd7 15. Qd2 Na5 16. Qd3 Rc8 17. Nd5 Nxc4 18. Rac1 b5 19. axb5 axb5 20. b3 Nxe3 21. Qxe3 Nc5 22. b4 Na4 23. Rxc8 Bxc8 24. Rc1 Kh8 25. Qd3 e6 26. Nc7 Bd7 27. Nxb5 Nb2 28. Qxd6 Bxb5 0-1


[Site "https://www.chess.com"]

[Event "Titled Tuesday Blitz August 15 Early 2023"]
[White "slimshady"]
[Black "Vlassov, Nikolai"]
[BlackFideId "4103360"]
[WhiteElo "2284"]
[BlackElo "2616"]
[Result "1-0"]
[Round "4"]
[TimeControl "180+1"]
[Date "2023.08.15"]
[WhiteClock "0:00:43"]
[BlackClock "0:00:18"]
[Board "102"]

1. e4 Nc6 2. Nf3 d5 3. exd5 Qxd5 4. Nc3 Qa5 5. d4 Bg4 6. d5 O-O-O 7. h3 Bxf3 8. Qxf3 Nb4 9. Bd3 Nf6 10. O-O Nbxd5 11. Bd2 Nxc3 12. Bxc3 Qd5 13. Qe3 Kb8 14. Rad1 Rd6 15. Bb4 Rd7 16. Be2 Qe6 17. Qxe6 fxe6 18. Rxd7 Nxd7 19. Rd1 Kc8 20. Bg4 c5 21. Bxe6 cxb4 22. Rxd7 Kb8 23. Bd5 Kc8 24. Rxb7 e6 25. Bf3 Bc5 26. Rxg7 Rd8 27. Bg4 Rd2 28. Bxe6+ Kb8 29. Rf7 Rxc2 30. Bd5 Rxb2 31. g4 a5 32. h4 a4 33. g5 b3 34. axb3 a3 35. b4 Bd4 36. h5 a2 37. Bxa2 Rxa2 38. g6 hxg6 39. hxg6 Ra7 40. Rxa7 Kxa7 41. Kg2 Kb6 42. f4 Kb5 43. f5 Kxb4 44. Kf3 Kc5 45. Kg4 Kd6 46. Kg5 Ke7 47. Kh6 Kf8 48. Kh7 Bf6 49. g7+ Bxg7 50. Kg6 Bf6 51. Kxf6 Kg8 52. Ke7 1-0


[Site "https://www.chess.com"]

[Event "Titled Tuesday Blitz August 15 Early 2023"]
[White "EvgenyBurmakin"]
[Black "Budrewicz, Krzysztof"]
[BlackFideId "1127950"]
[WhiteElo "2254"]
[BlackElo "2612"]
[Result "1-0"]
[Round "4"]
[TimeControl "180+1"]
[Date "2023.08.15"]
[WhiteClock "0:00:10"]
[BlackClock "0:01:15"]
[Board "103"]

1. e4 e5 2. Nf3 Nc6 3. Bb5 a6 4. Ba4 Nge7 5. c3 Ng6 6. d4 b5 7. Bb3 d6 8. O-O Be7 9. Re1 O-O 10. h3 h6 11. a4 Bb7 12. Nbd2 Na5 13. Bc2 c5 14. Nf1 c4 15. Be3 Re8 16. Ng3 Bf8 17. Nf5 Nc6 18. Qd2 Nce7 19. Nh2 Nxf5 20. exf5 Nh4 21. f3 Qf6 22. Ng4 Qd8 23. Qf2 h5 24. f6 Ng6 25. fxg7 Bxg7 26. Nh6+ Kf8 27. Qg3 h4 28. Qg4 Bc8 29. Qh5 exd4 30. Nxf7 Ne5 31. Nxd8 dxe3 32. f4 Rxd8 33. fxe5 Be6 34. Rxe3 dxe5 35. Rf1+ Ke7 36. Qg5+ Kd6 37. Qxg7 Rg8 38. Qxe5+ 1-0


[Site "https://www.chess.com"]

[Event "Titled Tuesday Blitz August 15 Early 2023"]
[White "Sarkar, Justin"]
[Black "Papayan, Oleg"]
[WhiteFideId "2010011"]
[BlackFideId "4193911"]
[WhiteElo "2254"]
[BlackElo "2609"]
[Result "0-1"]
[Round "4"]
[TimeControl "180+1"]
[Date "2023.08.15"]
[WhiteClock "0:00:00"]
[BlackClock "0:00:07"]
[Board "104"]

1. d4 d5 2. c4 e6 3. Nc3 c6 4. Nf3 Nf6 5. Bg5 h6 6. Bh4 Bb4 7. e3 Qa5 8. Bxf6 Bxc3+ 9. bxc3 Qxc3+ 10. Nd2 gxf6 11. Be2 e5 12. cxd5 exd4 13. Rc1 Qb2 14. O-O Qxa2 15. Ne4 Nd7 16. Qxd4 Qxd5 17. Nxf6+ Nxf6 18. Qxf6 Rg8 19. Bf3 Qe6 20. Rxc6 Qxf6 21. Rxf6 Rg6 22. Rxg6 fxg6 23. Rb1 Rb8 24. h4 b6 25. Kf1 Bf5 26. Rb3 a5 27. Ke1 Ke7 28. Bc6 Kd6 0-1


[Site "https://www.chess.com"]

[Event "Titled Tuesday Blitz August 15 Early 2023"]
[White "Samarth J Rao"]
[Black "Pax-Pramana"]
[WhiteFideId "46652370"]
[WhiteElo "2008"]
[BlackElo "2609"]
[Result "0-1"]
[Round "4"]
[TimeControl "180+1"]
[Date "2023.08.15"]
[WhiteClock "0:00:50"]
[BlackClock "0:01:03"]
[Board "105"]

1. e4 e6 2. d4 d5 3. exd5 exd5 4. Bd3 Bd6 5. Ne2 Ne7 6. O-O Bf5 7. Bf4 O-O 8. Bxd6 Qxd6 9. Ng3 Bg6 10. c3 Nd7 11. Na3 f5 12. Nc2 f4 13. Ne2 f3 14. Ng3 fxg2 15. Kxg2 Bxd3 16. Qxd3 Ng6 17. Qd2 Nh4+ 18. Kh1 Nf3 19. Qc1 Qe6 20. Ne1 Nh4 21. Qe3 Qh3 22. Rg1 Rae8 23. Qg5 Rxf2 24. Nf1 g6 25. Nd3 Qxd3 26. Qxh4 Qf3+ 0-1


[Site "https://www.chess.com"]

[Event "Titled Tuesday Blitz August 15 Early 2023"]
[White "Seifert, Henryk"]
[Black "Grischuk, Alexander"]
[WhiteFideId "1100963"]
[BlackFideId "4126025"]
[WhiteElo "2076"]
[BlackElo "3037"]
[Result "0-1"]
[Round "4"]
[TimeControl "180+1"]
[Date "2023.08.15"]
[WhiteClock "0:00:00"]
[BlackClock "0:01:31"]
[Board "106"]

1. e4 e6 2. d4 d5 3. exd5 exd5 4. Nf3 Nc6 5. c3 Bd6 6. Bg5 Nge7 7. Nbd2 Bf5 8. Be2 Qd7 9. Bh4 O-O-O 10. Bg3 Bxg3 11. hxg3 h5 12. Nb3 Qd6 13. Nc5 Rde8 14. Qd2 f6 15. O-O-O b6 16. Nd3 g5 17. Nh2 Na5 18. g4 Nc4 19. Qc2 hxg4 20. Nxg4 Rxh1 21. Rxh1 Ng6 22. Rh6 Nf4 23. Ne3 Nxe3 24. fxe3 Nxg2 0-1


[Site "https://www.chess.com"]

[Event "Titled Tuesday Blitz August 15 Early 2023"]
[White "Plotnikov, Pavel"]
[Black "Pakleza, Zbigniew"]
[WhiteFideId "4170342"]
[BlackFideId "1119290"]
[WhiteElo "2527"]
[BlackElo "2808"]
[Result "0-1"]
[Round "4"]
[TimeControl "180+1"]
[Date "2023.08.15"]
[WhiteClock "0:00:02"]
[BlackClock "0:00:05"]
[Board "107"]

1. d4 d6 2. Nf3 Bg4 3. e4 Nf6 4. Nc3 e6 5. h3 Bh5 6. Be3 Be7 7. Be2 d5 8. e5 Nfd7 9. g4 Bg6 10. Qd2 c5 11. dxc5 Nc6 12. h4 h5 13. g5 Nxc5 14. O-O-O Ne4 15. Nxe4 Bxe4 16. Rhg1 g6 17. Nd4 Nxd4 18. Bxd4 O-O 19. Bd3 Bxd3 20. Qxd3 Qa5 21. Kb1 Rfc8 22. f4 Rc4 23. c3 Rac8 24. Rdf1 b5 25. f5 exf5 26. Rxf5 Rxd4 27. cxd4 gxf5 28. g6 fxg6 29. a3 Kh7 30. Qf3 Qd8 31. Qg3 Qe8 32. e6 Bf6 33. Re1 Qe7 34. Qf3 Rd8 35. Qb3 a6 36. a4 Bxd4 37. axb5 axb5 38. Qxb5 Bf6 39. Rc1 Kh6 40. Rc6 d4 41. Qd3 f4 42. Qe4 Bxh4 43. Qxf4+ Bg5 44. Qe4 d3 45. Qe1 d2 46. Qd1 Rd6 47. Rc2 Rxe6 48. Rxd2 Re1 0-1


[Site "https://www.chess.com"]

[Event "Titled Tuesday Blitz August 15 Early 2023"]
[White "Janaszak, Dawid"]
[Black "Shcherbin, Matvei"]
[WhiteFideId "1119206"]
[BlackFideId "24125164"]
[WhiteElo "2521"]
[BlackElo "2736"]
[Result "0-1"]
[Round "4"]
[TimeControl "180+1"]
[Date "2023.08.15"]
[WhiteClock "0:00:00"]
[BlackClock "0:00:19"]
[Board "108"]

1. e4 c5 2. Nc3 e6 3. Nge2 Nc6 4. g3 Nf6 5. Bg2 d5 6. exd5 Nxd5 7. O-O Nxc3 8. bxc3 Be7 9. d4 cxd4 10. cxd4 O-O 11. c3 Bd7 12. Rb1 Na5 13. Nf4 Rc8 14. Bd2 b6 15. d5 exd5 16. Nxd5 Nc4 17. Re1 Bc5 18. Bf4 Bf5 19. Rb3 Re8 20. h3 Qd7 21. g4 Rxe1+ 22. Qxe1 Be6 23. Qe4 h5 24. Rb1 hxg4 25. hxg4 Bxg4 26. Kh2 Bd6 27. Bg3 Bxg3+ 28. fxg3 Nd2 29. Qe1 Nxb1 30. Qxb1 Be6 31. Nf4 Rxc3 32. Qe4 Rc8 33. Qe5 Re8 34. Qg5 Qe7 35. Qh5 Qf6 36. Qd1 Bf5 37. Qa4 Qh6+ 38. Kg1 Rd8 39. Qxa7 Qd6 40. Bd5 Be6 41. Bxe6 fxe6 42. Nh5 Qc5+ 43. Kh2 Qxh5+ 44. Kg2 Rd2+ 0-1


[Site "https://www.chess.com"]

[Event "Titled Tuesday Blitz August 15 Early 2023"]
[White "Djordjevic, Vuk"]
[Black "Hristodoulou, Panagiotis"]
[WhiteFideId "902098"]
[BlackFideId "4214340"]
[WhiteElo "2692"]
[BlackElo "2514"]
[Result "1-0"]
[Round "4"]
[TimeControl "180+1"]
[Date "2023.08.15"]
[WhiteClock "0:02:36"]
[BlackClock "0:02:21"]
[Board "109"]

1. d4 Nf6 2. Bg5 e6 3. e4 h6 4. Bxf6 Qxf6 5. c3 d6 6. Bd3 Nd7 7. Ne2 g5 8. O-O Bg7 9. f4 gxf4 10. Nxf4 Qe7 11. Nd2 b6 12. Nh5 Bf8 13. e5 d5 14. Bb5 Kd8 15. Qf3 1-0


[Site "https://www.chess.com"]

[Event "Titled Tuesday Blitz August 15 Early 2023"]
[White "Shyam, Sundar M."]
[Black "Kovalevsky, Stanislav"]
[WhiteFideId "5019141"]
[BlackFideId "13508598"]
[WhiteElo "2692"]
[BlackElo "2513"]
[Result "1-0"]
[Round "4"]
[TimeControl "180+1"]
[Date "2023.08.15"]
[WhiteClock "0:01:23"]
[BlackClock "0:00:05"]
[Board "110"]

1. d4 d5 2. Bf4 Nf6 3. e3 a6 4. Nd2 e6 5. Ngf3 c5 6. c3 Nc6 7. Bd3 Bd6 8. Bg3 O-O 9. O-O Bxg3 10. hxg3 b6 11. Qe2 Bb7 12. Rad1 Re8 13. e4 dxe4 14. Nxe4 cxd4 15. Bb1 Qe7 16. Nxd4 Nxd4 17. Rxd4 Rad8 18. Rfd1 e5 19. R4d2 Rxd2 20. Rxd2 h6 21. Nd6 Rb8 22. Nxb7 Rxb7 23. Qxa6 e4 24. Qa8+ Kh7 25. Qd8 g6 26. Qxe7 Rxe7 27. Rd6 Nd7 28. a4 Nc5 29. Bc2 e3 30. fxe3 Rxe3 31. Kf2 Re6 32. Rxe6 Nxe6 33. b4 Kg7 34. a5 bxa5 35. bxa5 Nd8 36. Be4 f5 37. Bd5 Kf6 38. a6 Ke5 39. c4 1-0


[Site "https://www.chess.com"]

[Event "Titled Tuesday Blitz August 15 Early 2023"]
[White "Shishkov, Andrei"]
[Black "Veiga, Jose Francisco R P Neves"]
[WhiteFideId "4500563"]
[BlackFideId "1930087"]
[WhiteElo "2503"]
[BlackElo "2685"]
[Result "1-0"]
[Round "4"]
[TimeControl "180+1"]
[Date "2023.08.15"]
[WhiteClock "0:01:13"]
[BlackClock "0:01:16"]
[Board "111"]

1. d4 Nf6 2. c4 e6 3. Nc3 Bb4 4. Qc2 d5 5. cxd5 exd5 6. Bf4 O-O 7. e3 c6 8. Bd3 Bd6 9. Bxd6 Qxd6 10. Nf3 Bg4 11. Ne5 Bh5 12. f4 Nbd7 13. O-O Bg6 14. Nxd7 Nxd7 15. f5 Bh5 16. h3 f6 17. Qf2 Rae8 18. Rae1 Re7 19. e4 dxe4 20. Nxe4 Qc7 21. Ng3 Bf7 22. Rxe7 1-0


[Site "https://www.chess.com"]

[Event "Titled Tuesday Blitz August 15 Early 2023"]
[White "Karavade, Eesha"]
[Black "Prohaszka, Peter"]
[WhiteFideId "5012600"]
[BlackFideId "726265"]
[WhiteElo "2482"]
[BlackElo "2683"]
[Result "0-1"]
[Round "4"]
[TimeControl "180+1"]
[Date "2023.08.15"]
[WhiteClock "0:00:35"]
[BlackClock "0:00:07"]
[Board "112"]

1. d4 Nf6 2. c4 g6 3. Nc3 d5 4. cxd5 Nxd5 5. Bd2 c5 6. dxc5 Bg7 7. Qb3 Nc7 8. Nf3 O-O 9. O-O-O Nd7 10. e4 Ne6 11. Bc4 Nexc5 12. Qc2 Nb6 13. Bf4 Bd7 14. Bb5 Rc8 15. Kb1 Qe8 16. Bxd7 Ncxd7 17. e5 Nc5 18. h4 Nca4 19. Rd3 Nxc3+ 20. Rxc3 Rxc3 21. Qxc3 Nd5 22. Qd4 Nxf4 23. Qxf4 Qb5 24. Rd1 Rc8 25. Qd4 Qc6 26. Qd3 h6 27. a3 a5 28. Ka1 b5 29. h5 gxh5 30. Qd7 Qxd7 31. Rxd7 e6 32. Rd2 Rc4 33. g3 a4 34. Kb1 Kh7 35. Rd7 Kg8 36. Rd8+ Bf8 37. Rb8 Kg7 38. Rxb5 Bc5 39. Rb7 Bxf2 40. Rb4 Rxb4 41. axb4 Kf8 42. b5 Ke7 43. Ka2 Kd7 44. Ka3 Bxg3 45. Kxa4 Kc7 46. Ka5 Kb7 47. Nd4 Bxe5 48. Nc6 Bc7+ 49. Kb4 h4 50. Nd4 h3 51. Nf3 h2 52. Nxh2 Bxh2 0-1


[Site "https://www.chess.com"]

[Event "Titled Tuesday Blitz August 15 Early 2023"]
[White "Mindhunter08"]
[Black "Haug, Havard"]
[BlackFideId "1547887"]
[WhiteElo "2471"]
[BlackElo "2664"]
[Result "0-1"]
[Round "4"]
[TimeControl "180+1"]
[Date "2023.08.15"]
[WhiteClock "0:00:00"]
[BlackClock "0:00:05"]
[Board "113"]

1. e4 c6 2. Nf3 d5 3. Nc3 dxe4 4. Nxe4 Nf6 5. Qe2 Na6 6. d4 Qd5 7. Nxf6+ gxf6 8. c3 Bg4 9. Bf4 O-O-O 10. h3 Bxf3 11. gxf3 e5 12. dxe5 fxe5 13. Bg3 Bg7 14. Bg2 Nc5 15. Kf1 Qd2 16. h4 Rhe8 17. Bh3+ Kb8 18. Re1 Na4 19. f4 f6 20. fxe5 fxe5 21. Qg4 Bh8 22. Qxa4 Qxb2 23. Qc4 Rf8 24. Kg2 Rd2 25. Rhf1 a6 26. Qc5 Rg8 27. Kh2 Qxa2 28. Bxe5+ Bxe5+ 29. Qxe5+ Ka8 30. Qe3 Qd5 31. Rg1 Rf8 32. Rg2 Qd6+ 33. Kh1 Rd3 34. Qe6 Qf4 35. Bg4 Rxc3 36. Qe7 Rg8 37. Re4 Rc1+ 38. Re1 Rxe1+ 39. Qxe1 Rxg4 40. Qe8+ Ka7 41. Rxg4 Qxg4 42. Qe3+ Kb8 43. Qe8+ Kc7 44. Qe5+ Kb6 45. Qb2+ Ka7 46. Qf6 Qc4 47. h5 Qd5+ 48. Kg1 a5 49. Qd4+ Qxd4 0-1


[Site "https://www.chess.com"]

[Event "Titled Tuesday Blitz August 15 Early 2023"]
[White "Goltsev, Dmitry"]
[Black "Dong Khanh Linh"]
[WhiteFideId "24176710"]
[BlackFideId "12403040"]
[WhiteElo "2635"]
[BlackElo "2464"]
[Result "1-0"]
[Round "4"]
[TimeControl "180+1"]
[Date "2023.08.15"]
[WhiteClock "0:01:08"]
[BlackClock "0:00:07"]
[Board "114"]

1. e4 e6 2. d4 d5 3. exd5 exd5 4. Nf3 Bg4 5. c4 Nf6 6. Nc3 Nbd7 7. Bd3 dxc4 8. Bxc4 Qe7+ 9. Be3 Nb6 10. Bb3 O-O-O 11. O-O Qd7 12. Rc1 Bd6 13. a4 Kb8 14. Nb5 Qf5 15. h3 Bxf3 16. Qxf3 Qxf3 17. gxf3 Nfd5 18. a5 Nxe3 19. fxe3 Nc8 20. Bxf7 c6 21. Nc3 Rhf8 22. Be6 Ne7 23. Ne4 Bb4 24. a6 Nd5 25. Bxd5 cxd5 26. Nc3 bxa6 27. Kf2 Rfe8 28. Ke2 Kb7 29. Kd3 Re6 30. e4 dxe4+ 31. fxe4 Rd7 32. Nd5 Bd6 33. Rc3 Rh6 34. Rf3 Rg6 35. Rb3+ Kc8 36. e5 Bxe5 37. Rf8+ Rd8 38. Ne7+ Kc7 39. Rc3+ Kd7 40. Rxd8+ Kxd8 41. Nxg6 1-0


[Site "https://www.chess.com"]

[Event "Titled Tuesday Blitz August 15 Early 2023"]
[White "Komov, Roman"]
[Black "MrAnnihilation"]
[WhiteFideId "24175714"]
[WhiteElo "2618"]
[BlackElo "2459"]
[Result "1-0"]
[Round "4"]
[TimeControl "180+1"]
[Date "2023.08.15"]
[WhiteClock "0:00:26"]
[BlackClock "0:00:06"]
[Board "115"]

1. e4 e5 2. Nf3 Nc6 3. Bc4 Nf6 4. d3 h6 5. O-O d6 6. Nc3 g5 7. a4 Bg7 8. a5 a6 9. Nd5 Bg4 10. Ne3 Be6 11. Nd2 Qd7 12. c3 O-O 13. Qb3 Ne7 14. Qa4 c6 15. b4 Ng6 16. Qb3 Nf4 17. d4 exd4 18. cxd4 Ne2+ 19. Kh1 Nxd4 20. Qd3 Nh5 21. Bb2 Nf4 22. Qb1 d5 23. exd5 cxd5 24. Ba2 Rac8 25. Rd1 Nde2 26. Bxg7 Kxg7 27. Qb2+ Kg8 28. Ne4 dxe4 29. Rxd7 Bxd7 30. g3 Nd3 31. Qxe2 Bb5 32. Qh5 Nxf2+ 33. Kg2 Nd3 34. Qg6+ Kh8 35. Qxh6+ Kg8 36. Qxg5+ Kh7 37. Qf5+ Kg7 38. Bxf7 Rxf7 39. Qxc8 Rf2+ 40. Kg1 Re2 41. Qg4+ Kf6 42. Qxe2 Ke5 43. Rf1 Kd4 44. Rf5 b6 45. Rxb5 axb5 46. axb6 Nxb4 47. b7 Nd3 48. b8=Q b4 49. Qd6+ Kc3 50. Qc2# 1-0


[Site "https://www.chess.com"]

[Event "Titled Tuesday Blitz August 15 Early 2023"]
[White "SmirnovAlexandrA"]
[Black "Bazilius, Augustinas"]
[BlackFideId "12832251"]
[WhiteElo "2613"]
[BlackElo "2439"]
[Result "1/2-1/2"]
[Round "4"]
[TimeControl "180+1"]
[Date "2023.08.15"]
[WhiteClock "0:00:11"]
[BlackClock "0:00:03"]
[Board "116"]

1. e4 c5 2. Nf3 e6 3. g3 Nc6 4. Bg2 e5 5. O-O d6 6. Re1 Nf6 7. c3 Be7 8. h3 O-O 9. d4 exd4 10. cxd4 cxd4 11. Nxd4 d5 12. exd5 Nxd5 13. Bxd5 Qxd5 14. Nxc6 Qxc6 15. Rxe7 Bxh3 16. f3 Rad8 17. Nd2 Qc5+ 18. Kh2 Qxe7 19. Kxh3 Qe3 20. Qf1 Rxd2 21. Bxd2 Qxd2 22. Rd1 Qxb2 23. Qc4 Qf2 24. f4 h5 25. a4 h4 26. Kxh4 Qh2+ 27. Kg4 g6 28. Rd5 Re8 29. Re5 Rxe5 30. fxe5 Qh5+ 31. Kf4 Qf5+ 32. Ke3 Qxe5+ 33. Kf3 Qf5+ 34. Kg2 Qd7 35. Kh2 Qc6 36. Qd4 Qc2+ 37. Kh3 Qf5+ 38. Kh2 a6 39. Qd8+ Kg7 40. a5 Qf2+ 41. Kh3 Qf5+ 42. Kh2 Qf6 43. Qc7 Qc6 44. Qe5+ Kh7 45. Qe7 Qd5 46. Qb4 Qh5+ 47. Kg1 Qb5 48. Qh4+ Kg7 49. Qd4+ Kg8 50. Qd8+ Kh7 51. Qh4+ Qh5 52. Qb4 Qd5 53. Kh2 Kg7 54. Qb2+ Kg8 55. Qb6 Qd7 56. Kg1 Qc6 57. Qd8+ Kh7 58. Qh4+ Kg7 59. Qd4+ Qf6 60. Qb4 Qe5 61. Kh2 Qh5+ 62. Kg1 Qd1+ 63. Kh2 Qd5 64. Qb2+ Kh7 65. Qb4 1/2-1/2


[Site "https://www.chess.com"]

[Event "Titled Tuesday Blitz August 15 Early 2023"]
[White "Colas, Joshua"]
[Black "TomLiu777"]
[WhiteFideId "2044447"]
[WhiteElo "2608"]
[BlackElo "2435"]
[Result "1-0"]
[Round "4"]
[TimeControl "180+1"]
[Date "2023.08.15"]
[WhiteClock "0:00:10"]
[BlackClock "0:00:01"]
[Board "117"]

1. d4 Nf6 2. Nc3 d5 3. Bf4 c5 4. e3 g6 5. Nb5 Na6 6. dxc5 Bg7 7. Be5 O-O 8. c3 Nxc5 9. Nc7 Rb8 10. Nb5 Ra8 11. Nc7 Rb8 12. Bxf6 Qxc7 13. Bxg7 Kxg7 14. Qxd5 Rd8 15. Qg5 Bf5 16. Nf3 Qb6 17. b4 Ne4 18. Qf4 Qf6 19. Qe5 Nxc3 20. Qxf6+ Kxf6 21. Bc4 Rbc8 22. Bb3 Bd3 23. Rc1 e5 24. h4 h5 25. Ng5 Rd7 26. Rh3 Bf5 27. Rf3 e4 28. Rxc3 exf3 29. Rxc8 fxg2 30. Nf3 Bg4 31. Ng1 Re7 32. f3 Rxe3+ 33. Kf2 Bxc8 34. Kxe3 Bf5 35. Kf2 Ke5 36. Bxf7 Kd4 37. Ne2+ Kd3 38. Nf4+ Kc3 39. Bxg6 Bxg6 40. Nxg6 Kxb4 41. f4 Kc5 42. f5 Kd6 43. Kxg2 b5 44. Kf3 a5 45. Ke4 b4 46. Nf4 a4 47. Nd3 b3 48. axb3 axb3 49. Nb2 Ke7 50. Ke5 Kf7 51. f6 Kf8 52. Ke6 Ke8 53. f7+ Kf8 54. Nc4 Kg7 55. Ke7 b2 56. f8=Q+ Kg6 57. Qf6+ Kh7 58. Nxb2 1-0


[Site "https://www.chess.com"]

[Event "Titled Tuesday Blitz August 15 Early 2023"]
[White "Belov, Alexei"]
[Black "Gulkov, Igor A."]
[WhiteFideId "4128206"]
[BlackFideId "4120973"]
[WhiteElo "2606"]
[BlackElo "2433"]
[Result "1-0"]
[Round "4"]
[TimeControl "180+1"]
[Date "2023.08.15"]
[WhiteClock "0:02:11"]
[BlackClock "0:01:46"]
[Board "118"]

1. e4 c5 2. Nf3 d6 3. d4 cxd4 4. Nxd4 Nf6 5. Nc3 a6 6. Be2 e5 7. Nb3 Be7 8. O-O O-O 9. Kh1 Be6 10. f4 Qc7 11. f5 Bc4 12. g4 h6 13. g5 hxg5 14. Bxg5 Nbd7 15. Rg1 Rfd8 16. Bf3 b5 17. a3 Rac8 18. Nd2 Nb6 19. Qe1 d5 20. Nxc4 Qxc4 21. exd5 Nbxd5 22. Nxd5 Nxd5 23. Bxe7 Nxe7 24. Qxe5 1-0


[Site "https://www.chess.com"]

[Event "Titled Tuesday Blitz August 15 Early 2023"]
[White "Bilan, Danila"]
[Black "Batsiashvili, Nino"]
[WhiteFideId "24161918"]
[BlackFideId "13602993"]
[WhiteElo "2601"]
[BlackElo "2430"]
[Result "1/2-1/2"]
[Round "4"]
[TimeControl "180+1"]
[Date "2023.08.15"]
[WhiteClock "0:00:04"]
[BlackClock "0:00:11"]
[Board "119"]

1. d4 d5 2. Nf3 Nf6 3. c4 e6 4. Nc3 Bb4 5. Qb3 c5 6. a3 Bxc3+ 7. bxc3 Nc6 8. e3 O-O 9. Be2 Na5 10. Qa2 Nxc4 11. Bxc4 dxc4 12. Qxc4 cxd4 13. cxd4 Bd7 14. Ne5 Rc8 15. Qb3 b5 16. Bd2 Qb6 17. O-O a5 18. Rfc1 Bc6 19. Nxc6 Rxc6 20. Rxc6 Qxc6 21. Bxa5 Rc8 22. Bb4 Nd5 23. Bc5 e5 24. h3 exd4 25. Bxd4 h5 26. Rb1 Nc3 27. Bxc3 Qxc3 28. Qxc3 Rxc3 29. Rxb5 h4 30. Rh5 Rc1+ 31. Kh2 Rc4 32. f3 g6 33. Ra5 Rc3 34. e4 Rc1 35. Ra7 Kg7 36. a4 g5 37. Ra6 Ra1 38. e5 Kh7 39. Rf6 Kg7 40. Rf5 Kg6 41. Rf6+ Kg7 42. Ra6 Re1 43. Ra5 Kg6 44. Ra6+ Kg7 45. Ra5 Kg6 46. Rc5 Ra1 47. a5 Kh6 48. Rb5 Kg6 49. Rb6+ Kf5 50. Rb5 Ke6 51. Rc5 Kf5 52. e6+ Kxe6 53. Rxg5 f5 54. a6 Ke5 55. Rg6 Kf4 56. Rb6 Kg5 57. f4+ Kxf4 58. Rb4+ Kg5 59. Rb6 Kf4 60. Rc6 Kg5 61. Rd6 Kf4 62. Rd4+ Kg5 63. Rd6 Kf4 64. Rb6 Kg5 65. Rc6 Kf4 66. Rg6 Ke5 67. Rh6 Ra4 68. Kg1 Ra2 69. Rxh4 Rxa6 70. Rh7 Kf4 71. Kh2 Kg5 72. Rg7+ Kf6 73. Rc7 Kg5 74. Rc4 Ra3 75. Rc2 Rb3 76. Rf2 Ra3 77. Rf3 Ra2 78. Kg3 Ra1 79. h4+ Kg6 80. Rb3 Rc1 81. Kh3 Rd1 82. g3 Rd2 83. Rf3 Rd5 84. Kg2 Ra5 85. Rf2 Ra3 86. Rc2 Rb3 87. Re2 Ra3 88. Kf2 Rb3 89. Re3 Rb1 90. Kf3 Rf1+ 91. Kg2 Rb1 92. Re6+ Kf7 93. Ra6 Kg7 94. Kf3 Rf1+ 95. Ke3 Kf7 96. h5 Kg7 97. Rg6+ Kh7 98. Rf6 Kg7 99. Rb6 Rh1 100. h6+ Rxh6 101. Rxh6 Kxh6 102. Kf4 Kg6 103. g4 fxg4 104. Kxg4 1/2-1/2


[Site "https://www.chess.com"]